 Dungeon Crawl Stone Soup version 0.30-a0-1043-g60ff8d5f49 (webtiles) character file.

Game seed: 18429276339164087257

340601 Arcadio the Slayer (level 21, -12/196 HPs)
             Began as a Barachi Hexslinger on Apr 8, 2023.
             Was a High Priest of Jiyva.
             Mangled by a +4 glaive of protection (39 damage)
             ... on level 2 of the Elven Halls on Apr 9, 2023.
             The game lasted 04:20:18 (45049 turns).

Arcadio the Slayer (Barachi Hexslinger)            Turns: 45049, Time: 04:20:18

Health: -12/196    AC:  7    Str: 16    XL:     21   Next: 58%
Magic:  46/46      EV: 34    Int: 18    God:    Jiyva [*****.]
Gold:   223        SH:  6    Dex: 22    Spells: 23/45 levels left

rFire   + . .      SeeInvis +    a - +8 demon blade "Leech" {evervamp, Harm Drain rN+}
rCold   . . .      Faith    .    (no shield)
rNeg    + . .      Spirit   .    n - +2 robe {Will+}
rPois   .          Reflect  .    (helmet restricted)
rElec   +          Rampage  .    z - scarf {repulsion}
rCorr   +          Clarity  +    (no gloves)
Will    +++..      Harm     + .  (no boots)
Stlth   ++                       R - amulet "Plog" {rElec Regen+}
HPRegen 2.76/turn                T - ring "Tadear" {rF+ Will+ MP+9 Int-3}
MPRegen 0.75/turn                m - +6 ring of dexterity

@: mighty, unable to hop, repel missiles, slow
A: amphibious, slowness 1, strong legs 2, +LOS, antennae 1, claws 1, large bone
plates 2, see invisible, clarity, clever 1, sense surroundings 2, electricity
resistance, strong 1, gelatinous body 3
}: 3/15 runes: barnacled, slimy, gossamer
a: Hop, Renounce Religion, Oozemancy, Slimify


You were on level 2 of the Elven Halls.
You worshipped Jiyva.
Jiyva was extremely pleased with you.
You visited 11 branches of the dungeon, and saw 44 of its levels.
You also visited: Ossuary, Bailey, Gauntlet and Ice Cave.

You collected 2420 gold pieces.
You spent 2197 gold pieces at shops.

Inventory:

Hand Weapons
 a - the +8 demon blade "Leech" (weapon) {evervamp, Harm Drain rN+}
   (You bought it in a shop on level 10 of the Dungeon)

   rN:        It protects you from negative energy.
   Drain:     It drains your maximum health when unequipped.
   Harm:      It increases damage dealt and taken.
 b - the +8 longbow "Zephyr" {speed, Dex+3 SInv}
   (You found it on level 2 of the Vaults)

   Dex:       It affects your dexterity (+3).
   SInv:      It lets you see invisible.
 V - the +11 short sword "Jamnivymn" {vamp, rPois Str+3 Int-4}
   (You found it on level 5 of the Pits of Slime)

   Str:       It affects your strength (+3).
   Int:       It affects your intelligence (-4).
   rPois:     It protects you from poison.
 W - the +3 short sword "Caxosene" {venom, rC- Will++ SInv}
   (You found it on level 2 of the Dungeon)

   rC:        It makes you vulnerable to cold.
   SInv:      It lets you see invisible.
   Will:      It greatly increases your willpower.
Armour
 g - a +2 pair of gloves
 l - a +1 hat
 n - a +2 robe of willpower (worn)
 z - a scarf of repulsion (worn)
 B - the +0 helmet of Limited Liability {rF+ Dex+2}
   (You found it on level 1 of the Shoals)

   Dex:       It affects your dexterity (+2).
   rF:        It protects you from fire.
 K - the +0 scale mail of Forking Paths {Dex+5}
   (You found it on level 2 of the Vaults)

   Dex:       It affects your dexterity (+5).
 O - a +2 robe of resistance
 U - the +4 plate armour of the Illusory Stars {Fly Str+3}
   (You found it in a Gauntlet)

   Str:       It affects your strength (+3).
   Fly:       It grants you flight.
 Y - the +1 pair of gloves "Heve" {rPois rN+}
   (You bought it in a shop on level 2 of the Orcish Mines)

   rPois:     It protects you from poison.
   rN:        It protects you from negative energy.
Jewellery
 c - an amulet of the acrobat
 m - a +6 ring of dexterity (right claw)
 q - a ring of magical power
 s - a ring of protection from fire
 x - the ring "Sempurick" {Fire Contam rElec Will- Slay+5}
   (You found it in an ice cave)

   [ring of fire]

   It enhances your fire magic.
   Slay:      It affects your accuracy & damage with ranged weapons and melee
   (+5).
   rF:        It protects you from fire.
   rC:        It makes you vulnerable to cold.
   rElec:     It insulates you from electricity.
   Contam:    It causes magical contamination when unequipped.
   Will:      It decreases your willpower.
 y - a +5 ring of evasion
 A - a ring of flight
 N - a ring of positive energy
 P - the ring of the Barnacle {Ice Drain rElec rN++ rCorr}
   (You found it in a Gauntlet)

   [ring of ice]

   It enhances your ice magic.
   rF:        It makes you vulnerable to fire.
   rC:        It protects you from cold.
   rElec:     It insulates you from electricity.
   rN:        It greatly protects you from negative energy.
   rCorr:     It protects you from acid and corrosion.
   Drain:     It drains your maximum health when unequipped.
 R - the amulet "Plog" (around neck) {rElec Regen+}
   (You found it in a Gauntlet)

   [amulet of regeneration]

   rElec:     It insulates you from electricity.
   Regen:     It increases your rate of health regeneration.
 T - the ring "Tadear" (left claw) {rF+ Will+ MP+9 Int-3}
   (You found it on level 5 of the Pits of Slime)

   [ring of willpower]

   Int:       It affects your intelligence (-3).
   rF:        It protects you from fire.
   MP:        It affects your magic capacity (+9).
   Will:      It increases your willpower.
 Z - the ring of Recklessness {rElec rN+ Will+ Str+2 Dex-5}
   (You found it on level 5 of the Pits of Slime)

   [ring of willpower]

   Str:       It affects your strength (+2).
   Dex:       It affects your dexterity (-5).
   rElec:     It insulates you from electricity.
   rN:        It protects you from negative energy.
   Will:      It increases your willpower.
Wands
 p - a wand of acid (9)
 u - a wand of roots (29)
 H - a wand of polymorph (4)
 M - a wand of paralysis (15)
 Q - a wand of flame (21)
Scrolls
 d - 2 scrolls of fog
 e - 2 scrolls of magic mapping
 f - 5 scrolls of amnesia
 h - 7 scrolls of poison
 r - 3 scrolls of vulnerability
 C - 4 scrolls of identify
 E - 4 scrolls of teleportation
 F - 4 scrolls of immolation
 J - 4 scrolls of enchant weapon
 X - 3 scrolls of fear
Potions
 i - a potion of attraction
 j - 3 potions of lignification
 k - 4 potions of berserk rage
 o - 4 potions of flight
 t - 3 potions of haste
 v - 5 potions of might
 D - 4 potions of mutation
 G - 5 potions of cancellation
 I - 2 potions of brilliance
 L - 4 potions of magic
 S - a potion of curing
Miscellaneous
 w - a piece from Xom's chessboard (15/15)


   Skills:
 + Level 24.3 Fighting
 - Level 19.3 Long Blades
 - Level 6.7 Ranged Weapons
 + Level 22.7 Dodging
 - Level 12.5 Spellcasting
 - Level 10.4 Hexes
 - Level 10.2 Summonings
 + Level 5.1 Translocations


You had 23 spell levels left.
You knew the following spells:

 Your Spells              Type           Power      Damage    Failure   Level
a - Summon Lightning Spi  Summ/Air       29%        N/A       8%          4
b - Summon Forest         Summ/Tloc      19%        N/A       7%          5
c - Inner Flame           Hex/Fire       30%        N/A       2%          3
d - Passwall              Tmut/Erth      9%         N/A       10%         2
e - Call Canine Familiar  Summ           48%        N/A       1%          3
f - Slow                  Hex            100%       N/A       1%          1
s - Cause Fear            Hex            24%        N/A       1%          4

Your spell library contained the following spells:

 Spells                   Type           Power      Damage    Failure   Level
 Portal Projectile        Hex/Tloc       78%        N/A       1%          3
 Gell's Gravitas          Tloc           29%        N/A       2%          3
 Teleport Other           Tloc           29%        N/A       2%          3
 Freeze                   Ice            44%        1d6       6%          1
 Magic Dart               Conj           44%        1d5       6%          1
 Sting                    Tmut/Pois      44%        1d5       6%          1
 Fulminant Prism          Conj/Hex       15%        3d10      7%          4
 Searing Ray              Conj           22%        2d5       10%         2
 Static Discharge         Conj/Air       22%        2-3/arc   10%         2
 Metabolic Englaciation   Hex/Ice        15%        N/A       21%         5
 Airstrike                Air            5%         2d(1-17)  52%         4
 Petrify                  Tmut/Erth      11%        N/A       52%         4
 Enfeeble                 Hex            24%        N/A       56%         7
 Summon Hydra             Summ           24%        N/A       58%         7
 Dispersal                Tloc           14%        N/A       75%         6
 Malign Gateway           Summ/Tloc      19%        N/A       91%         7
 Haunt                    Necr/Summ      14%        N/A       99%         7
 Summon Horrible Things   Summ           24%        N/A       99%         8
 Eringya's Noxious Bog    Tmut/Pois      5%         N/A       100%        6
 Statue Form              Tmut/Erth      7%         N/A       100%        6
 Ozocubu's Refrigeration  Ice            5%         4d8       100%        7
 Storm Form               Tmut/Air       5%         N/A       100%        7


Dungeon Overview and Level Annotations

Branches:
Dungeon (15/15) Zot: 25117  Temple (1/1) D:6 Zot: 5952    Lair (5/5) D:11 Zot: 21873
 Shoals (4/4) Lair:2 Zot: 19109  Spider (4/4) Lair:2 Zot: 18458   Slime (5/5) Lair:5 Zot: 26165
    Orc (2/2) D:11 Zot: 9339     Elf (2/3) Orc:2 Zot: 9520  Vaults (4/5) D:13 Zot: 17489
  Crypt (1/3) Vaults:2 Zot: 5998  Depths (1/4) D:15 Zot: 5998 Ossuary (visited)
 Bailey (visited)           IceCv (visited)         Gauntlet (visited)

Altars:
Ashenzari
Cheibriados
Dithmenos
Elyvilon
Fedhas
Gozag
Hepliaklqana
Kikubaaqudgha
Makhleb
Nemelex Xobeh
Okawaru
Qazlal
Ru
Sif Muna
Trog
Uskayaw
Vehumet
Wu Jian
Xom
Yredelemnul
Zin
The Shining One
Jiyva

Shops:
D:5 *   D:8 :   D:10 (   Orc:2 ([*([[   Elf:1 ?   Shoals:2 [   Shoals:4 =

Portals:
Trove: D:15 (give 16 potions of curing)

Annotations:
D:11 exclusion: orange crystal statue
Shoals:3 1 runed translucent door, Pygol's ghost, adept DDNe
Slime:5 Royal Jelly


Innate Abilities, Weirdness & Mutations

You are amphibious.
You cover ground slowly.
You can hop long distances.
You have an extended range of vision and can be seen from far away.
You have a pair of small antennae on your head.
You have sharp fingernails.
You are mostly covered in large bone plates. (SH +6)
You have supernaturally acute eyesight. (SInv)
You possess an exceptional clarity of mind.
Your mind is acute. (Int +4, Str/Dex -1)
You passively map the area around you.
You are resistant to electric shocks. (rElec)
Your muscles are strong. (Str +4, Int/Dex -1)
Your gelatinous body deflects attacks. (AC +3, EV +3)


Message History

Things that are here:
a +0 falchion; a +0 falchion You slash the +1 halberd of venom!
The +1 halberd of venom is heavily damaged.
You feel sick.
The +3 vampiric halberd hits you from afar!!
The +4 glaive of protection hits you from afar!!
Jiyva gurgles merrily.
You hit the +1 halberd of venom.
The +1 halberd of venom is severely damaged.
You feel sick.
The +1 halberd of venom barely misses you.
The +3 vampiric halberd hits you from afar!!
Okay, then.
You feel better. The +1 halberd of venom misses you.
You block the +4 glaive of protection's attack.
The +3 vampiric halberd closely misses you.
The +4 glaive of protection completely misses you.
The +1 halberd of venom hits you.
You hit the +1 halberd of venom but do no damage.
The +1 halberd of venom is severely damaged.
The +3 vampiric halberd completely misses you.
You completely miss the +1 halberd of venom.
The +1 halberd of venom is severely damaged.
The +3 vampiric halberd hits you from afar.
The +1 halberd of venom closely misses you.
The +4 glaive of protection closely misses you.
You closely miss the +1 halberd of venom.
The +1 halberd of venom is severely damaged.
The +1 halberd of venom misses you.
The +3 vampiric halberd hits you from afar!!
* * * LOW HITPOINT WARNING * * *
You block the +4 glaive of protection's attack.
Okay, then.
Okay, then.
You feel very mighty all of a sudden.
You block the +1 halberd of venom's attack.
The +3 vampiric halberd closely misses you.
The +4 glaive of protection hits you from afar!!
You die...

##.#.....# ##...........
####.###'#### #..........⌠.
.##.## #.# #............ .#'##
#.# #⌠..(.......# ..## #.#
#..........## ..## #.#
#.........## ...# #>#
####........## ...# #.#
#######.......⌠..## ...# #.#
#....@((...####### ..## #.#
#.#####(...# ..######'###.#
#....# .#'........#.# ######
.#..:........# ##...........##
##### #............# ##...##
##........<..#############.....#
#...........'...........'....)'


You could see 3 dancing weapons.

Vanquished Creatures
  Jorgrun (Orc:2)
  Polyphemus (Shoals:3)
  Gastronok (Lair:3)
  Frances (D:12)
  Kirke (Lair:3)
  Ilsuiw (Shoals:2)
  A tengu reaver (Vaults:1)
  Roxanne (Elf:2)
  8 vault wardens
  4 ghost moths
  4 emperor scorpions (Spider:3)
  Louise (Shoals:1)
  Aizul (Spider:2)
  The ghost of Xig Suan the Devastator, an adept DECj of Sif Muna (Shoals:1)
  3 orc warlords
  16 ironbound preservers
  2 stone giants (Vaults:1)
  A deep elf demonologist (Elf:1)
  4 very ugly things
  2 war gargoyles
  6 broodmothers
  4 ironbound thunderhulks
  5 spark wasps
  A minotaur (Gauntlet)
  A deep elf annihilator (Elf:1)
  An ettin (Vaults:4)
  5 merfolk javelineers
  6 dire elephants
  10 merfolk impalers
  Josephine (Lair:3)
  An entropy weaver (Spider:2)
  8 yaktaur captains
  3 ironbound frosthearts
  2 hydras
  2 peacekeepers
  3 radroaches
  6 vault guards
  2 ogre magi
  5 merfolk aquamancers
  2 catoblepae
  13 centaur warriors
  2 alligator snapping turtles (Shoals:4)
  3 jorogumos
  A death knight (D:14)
  3 merfolk avatars
  14 two-headed ogres
  5 boulder beetles
  16 dancing weapons
  6 death yaks
  Urug (Lair:4)
  2 orc high priests (Orc:2)
  9 deep elf knights
  Nergalle (Lair:3)
  A fire crab (shapeshifter) (Elf:1)
  A pharaoh ant (Spider:3)
  Amaemon (D:9)
  51 deep trolls
  5 skysharks
  2 sun moths
  20 sea snakes
  5 skeletal warriors (D:14)
  11 orb spiders
  2 steelbarb worms
  6 deep elf archers
  29 harpies
  10 ironbound convokers
  3 wizards
  Pikel (D:5)
  16 deep elf zephyrmancers
  6 orc knights
  2 lindwurms (Vaults:1)
  A necromancer (Vaults:4)
  33 deep elf pyromancers
  25 ugly things
  18 manticores
  14 fauns
  7 orc sorcerers
  23 wolf spiders
  9 cyclopes
  8 elephants
  9 merfolk sirens
  4 moths of wrath
  16 vault sentinels
  6 water nymphs
  An elephant (shapeshifter) (Elf:2)
  A stone giant skeleton (Vaults:4)
  3 black mambas
  4 demonic crawlers
  An orange demon (D:9)
  A yaktaur zombie (Vaults:4)
  4 gargoyles
  A torpor snail (Spider:2)
  A kobold demonologist (D:11)
  13 cane toads
  4 rime drakes
  12 komodo dragons
  A freezing wraith (Vaults:4)
  2 efreet
  26 yaktaurs
  21 merfolk
  3 trolls
  12 meliai
  4 polar bears
  17 blink frogs
  5 wind drakes
  A raiju (shapeshifter) (D:13)
  13 tarantellas
  A deep troll zombie (Vaults:4)
  19 snapping turtles
  6 hornets
  3 dream sheep (Lair:5)
  47 jumping spiders
  A centaur simulacrum (D:14)
  21 culicivoras
  14 spriggans (Lair:5)
  An air elemental (Elf:2)
  11 water elementals
  2 vampires
  3 wyverns
  45 yaks
  2 shadows (D:11)
  5 wraiths (Lair:2)
  5 fire elementals
  4 vampire mosquitoes (D:12)
  An elf skeleton (Vaults:4)
  4 hogs (Lair:3)
  3 basilisks
  2 steam dragons
  50 redbacks
  8 wargs
  A warg (shapeshifter) (D:14)
  13 water moccasins
  3 acid dragons
  40 orc warriors
  3 black bears
  2 great orb of eyes simulacra (IceCv)
  7 ogres
  9 boggarts
  34 wolves
  13 centaurs
  2 phantoms
  A slime creature simulacrum (IceCv)
  A lemure (D:5)
  An elf zombie (Ossuary)
  6 bullfrogs
  4 gnoll sergeants
  2 scorpions
  7 wights (D:8)
  An earth elemental (Elf:2)
  A jelly (D:11)
  A human simulacrum (Vaults:4)
  4 killer bees (D:10)
  A vampire bat (D:13)
  2 howler monkeys (D:11)
  3 human zombies (Ossuary)
  3 hounds
  14 orc priests
  2 gnoll boudas
  2 sleepcaps
  Natasha (D:2)
  7 iguanas
  5 hell rats (Lair:3)
  24 orc wizards
  2 hound zombies (Ossuary)
  3 mummies (Ossuary)
  29 gnolls
  2 adders
  4 white imps
  2 adder zombies (Ossuary)
  2 worms
  A dart slug (D:1)
  81 orcs
  2 ball pythons (D:1)
  2 bat skeletons (D:13)
  An endoplasm (D:1)
  5 giant cockroaches
  2 gnoll zombies (Ossuary)
  17 goblins
  9 hobgoblins
  4 jackals
  10 kobolds
  9 quokkas
  2 bats
  A frilled lizard (D:2)
  A goblin zombie (Ossuary)
  2 hobgoblin zombies (Ossuary)
  7 jackal zombies (Ossuary)
  4 kobold zombies (Ossuary)
  2 orc zombies (Ossuary)
  2 quokka zombies (Ossuary)
  4 rats
  2 rat zombies (Ossuary)
1393 creatures vanquished.

Vanquished Creatures (collateral kills)
  2 very ugly things (Vaults:4)
  A crystal guardian (Vaults:4)
  A jorogumo (Spider:2)
  An alligator snapping turtle (Shoals:4)
  A dancing weapon (Elf:1)
  3 orb spiders
  A deep elf archer (Elf:1)
  A wolf spider (Spider:2)
  An ugly thing (Shoals:1)
  A tarantella (Spider:4)
  A snapping turtle (Shoals:4)
  2 jumping spiders
  A culicivora (Spider:4)
  A water elemental (Shoals:1)
  3 redbacks (Spider:2)
21 creatures vanquished.

Vanquished Creatures (others)
  A broodmother (Spider:2)
  7 great orbs of eyes
  A vault guard (D:13)
  A rakshasa (D:15)
  An ogre mage (D:15)
  A dancing weapon (Elf:1)
  A boulder beetle (D:13)
  A glowing orange brain (Vaults:3)
  A deep elf knight (Elf:1)
  3 orange crystal statues (IceCv)
  A deep troll (Vaults:1)
  A wizard (Vaults:4)
  An ironbound convoker (Vaults:2)
  A lindwurm (shapeshifter) (Vaults:1)
  2 deep elf pyromancers
  A deep elf zephyrmancer (Elf:1)
  A cyclops (shapeshifter) (Elf:1)
  A faun (shapeshifter) (D:15)
  A manticore (Shoals:1)
  A moth of wrath (Shoals:1)
  A torpor snail (Spider:3)
  A rime drake (Lair:1)
  A kobold demonologist (D:13)
  5 yaktaurs
  A polar bear (Lair:5)
  A troll (Orc:1)
  Grinder (D:6)
  25 slime creatures
  A tarantella (Spider:3)
  2 blink frogs
  A snapping turtle (Shoals:1)
  A human simulacrum (Vaults:1)
  A jumping spider (Spider:4)
  A culicivora (Spider:3)
  A yak (Lair:1)
  A hog (Lair:3)
  A water elemental (Elf:1)
  A human (Lair:3)
  A redback (Spider:2)
  2 wargs
  4 water moccasins
  2 orc warriors
  2 great orb of eyes simulacra (IceCv)
  An ogre (D:5)
  A boggart (D:14)
  2 wolves (Orc:1)
  2 centaurs
  A phantom (D:5)
  4 slime creature simulacra (IceCv)
  A kobold brigand (D:14)
  2 bullfrogs
  A scorpion (D:5)
  2 glowing shapeshifter simulacra (IceCv)
  2 wights
  2 howler monkeys (D:11)
  A hound (D:6)
  278 jellies
  3 orc priests
  A gnoll bouda (D:10)
  An iguana (Lair:1)
  Natasha (twice) (D:2)
  4 orc wizards
  8 gnolls
  3 adders
  A worm (D:2)
  A worm (shapeshifter) (D:14)
  A dart slug (D:4)
  30 orcs
  3 ball pythons
  A bat skeleton (D:13)
  A bat zombie (D:13)
  A giant cockroach (D:1)
  12 goblins
  7 hobgoblins
  3 jackals
  5 kobolds (D:14)
  A bat (D:2)
  2 frilled lizards (D:2)
  110 fungi
  276 plants
864 creatures vanquished.

Grand Total: 2278 creatures vanquished

Notes
Turn   | Place    | Note
-------+----------+-------------------------------------------
     0 | D:1      | Arcadio the Barachi Hexslinger began the quest for the Orb.
     0 | D:1      | Reached XP level 1. HP: 15/15 MP: 2/2
    55 | D:1      | Reached XP level 2. HP: 21/21 MP: 3/3
   170 | D:1      | Found a faded altar of an unknown god.
   188 | D:1      | Prayed at the altar of an unknown god.
   188 | D:1      | Became a worshipper of Jiyva Joliloiq the Shapeless
   188 | D:1      | Reached * piety under Jiyva
   245 | D:1      | Reached skill level 2 in Fighting
   547 | D:1      | Reached ** piety under Jiyva
   937 | D:2      | Reached XP level 3. HP: 27/27 MP: 4/4
   968 | D:2      | Killed Natasha
  1010 | D:2      | Found a basalt altar of Yredelemnul.
  1017 | D:2      | Identified the +3 short sword "Caxosene" {venom, rC- Will++
                  | SInv}
  1091 | D:2      | Noticed Natasha
  1099 | D:2      | Killed Natasha
  1118 | D:2      | Reached XP level 4. HP: 34/34 MP: 5/5
  1168 | D:2      | Killed Natasha
  1837 | D:3      | Reached skill level 3 in Fighting
  1867 | D:3      | Reached XP level 5. HP: 38/40 MP: 6/6
  1944 | D:3      | Reached *** piety under Jiyva
  1967 | D:3      | Found an iron altar of Okawaru.
  2133 | D:3      | Gained mutation: Your system is resistant to poisons.
                  | (rPois) [Jiyva's grace]
  2133 | D:3      | Gained mutation: Your melee attacks may engulf your foes in
                  | ooze. [Jiyva's grace]
  2133 | D:3      | Gained mutation: Armour fits poorly on your pseudopods.
                  | [Jiyva's grace]
  2133 | D:3      | Gained mutation: Armour fits poorly on your large
                  | pseudopods. [Jiyva's grace]
  2503 | D:4      | Found a sparkling altar of Nemelex Xobeh.
  2504 | D:4      | Reached **** piety under Jiyva
  2512 | D:4      | Found a hide-covered altar of Uskayaw.
  2517 | D:4      | Found a radiant altar of Vehumet.
  2771 | D:4      | Reached skill level 4 in Fighting
  2771 | D:4      | Reached XP level 6. HP: 44/48 MP: 7/7
  3072 | D:5      | Entered Level 5 of the Dungeon
  3239 | D:5      | Noticed Pikel
  3250 | D:5      | Killed Pikel
  3251 | D:5      | Reached skill level 5 in Fighting
  3251 | D:5      | Reached skill level 5 in Ranged Weapons
  3251 | D:5      | Reached skill level 5 in Dodging
  3251 | D:5      | Reached XP level 7. HP: 56/56 MP: 8/8
  3968 | D:5      | Reached skill level 6 in Fighting
  3968 | D:5      | Reached XP level 8. HP: 63/64 MP: 9/9
  4029 | D:5      | Found Quvujoenobo's Assorted Antiques.
  4088 | D:5      | Reached ***** piety under Jiyva
  4097 | D:5      | Gained mutation: You have acidic saliva. [Jiyva's grace]
  4097 | D:5      | Gained mutation: Your body has grown eyes which may confuse
                  | attackers. (Acc +3) [Jiyva's grace]
  4097 | D:5      | Gained mutation: Your body has grown many eyes which may
                  | confuse attackers. (Acc +5) [Jiyva's grace]
  4097 | D:5      | Gained mutation: Your body is covered in eyes which may
                  | confuse attackers. (Acc +7, SInv) [Jiyva's grace]
  4272 | D:6      | Found a staircase to the Ecumenical Temple.
  4290 | Temple   | Entered the Ecumenical Temple
  4411 | D:6      | Noticed Grinder
  4426 | D:6      | Killed Grinder
  4994 | D:7      | Reached skill level 7 in Fighting
  5056 | D:7      | Found a flagged portal.
  5076 | Bailey   | Entered a bailey
  5142 | Bailey   | Reached XP level 9. HP: 67/74 MP: 10/10
  5174 | Bailey   | Reached skill level 8 in Fighting
  5205 | Bailey   | Noticed an orc knight
  5211 | Bailey   | Noticed an orc warlord
  5262 | Bailey   | Slimified an orc warlord
  5262 | Bailey   | an orc warlord changed into an azure jelly
  5262 | Bailey   | Noticed an azure jelly
  5376 | Bailey   | Slimified an orc knight
  5376 | Bailey   | an orc knight changed into a slime creature
  5574 | D:7      | Found a shimmering blue altar of Sif Muna.
  5613 | D:7      | Reached skill level 5 in Hexes
  5620 | D:7      | Found a shimmering altar of Xom.
  5620 | D:7      | Found a broken altar of Ashenzari.
  5624 | D:7      | Found a snail-covered altar of Cheibriados.
  5876 | D:8      | Found Iheciugg's Book Shop.
  5908 | D:8      | Found a sand-covered staircase.
  5913 | Ossuary  | Entered an ossuary
  5970 | Ossuary  | Reached skill level 9 in Fighting
  6290 | D:8      | Reached XP level 10. HP: 60/83 MP: 14/16
  6337 | D:8      | You fall into a shaft and drop 1 floor!
  6355 | D:9      | Found a sacrificial altar of Ru.
  6659 | D:8      | Reached skill level 5 in Spellcasting
  6718 | D:8      | Reached skill level 10 in Fighting
  6895 | D:8      | Noticed a two-headed ogre
  7048 | D:5      | Bought a viscous ruby potion for 22 gold pieces
  7048 | D:5      | Bought a grey potion for 22 gold pieces
  7048 | D:5      | Bought 3 scrolls of identify for 150 gold pieces
  7142 | D:8      | Learned a level 4 spell: Cause Fear
  7146 | D:8      | Learned a level 3 spell: Inner Flame
  7185 | D:9      | Lost mutation: You have acidic saliva. [Jiyva's grace]
  7185 | D:9      | Lost mutation: Armour fits poorly on your large pseudopods.
                  | [Jiyva's grace]
  7185 | D:9      | Lost mutation: Armour fits poorly on your pseudopods.
                  | [Jiyva's grace]
  7185 | D:9      | Gained mutation: You are somewhat resistant to further
                  | mutation. [Jiyva's grace]
  7185 | D:9      | Gained mutation: You are somewhat resistant to both further
                  | mutation and mutation removal. [Jiyva's grace]
  7185 | D:9      | Gained mutation: You are almost entirely resistant to
                  | further mutation and mutation removal. [Jiyva's grace]
  7185 | D:9      | Gained mutation: Your natural rate of healing is unusually
                  | fast. [Jiyva's grace]
  7573 | D:9      | Noticed Harold
  7574 | D:9      | Reached skill level 12 in Fighting
  7574 | D:9      | Reached XP level 11. HP: 96/96 MP: 19/19
  7687 | D:9      | Found a snail-covered altar of Cheibriados.
  7691 | D:9      | Noticed Amaemon
  7705 | D:9      | Killed Amaemon
  8085 | D:9      | Slimified Harold
  8085 | D:9      | Harold changed into Harold the slime creature
  8085 | D:9      | Noticed Harold
  8190 | D:10     | Entered Level 10 of the Dungeon
  8204 | D:10     | Noticed a two-headed ogre
  8317 | D:10     | Reached skill level 13 in Fighting
  8404 | D:10     | Reached XP level 12. HP: 105/105 MP: 21/21
  8404 | D:10     | Noticed a two-headed ogre
  8414 | D:10     | Slimified a two-headed ogre
  8414 | D:10     | a two-headed ogre changed into an acid blob
  8414 | D:10     | Noticed an acid blob
  8491 | D:10     | Noticed a two-headed ogre
  8570 | D:10     | Found Hamyuwk's Weapon Emporium.
  8671 | D:10     | Killed a two-headed ogre
  9001 | D:11     | Found a staircase to the Lair.
  9010 | D:11     | Found a gate leading to a gauntlet.
  9040 | Gauntlet | Entered a Gauntlet
  9040 | Gauntlet | Found a transporter.
  9040 | Gauntlet | Lost mutation: Your natural rate of healing is unusually
                  | fast. [Jiyva's grace]
  9040 | Gauntlet | Lost mutation: Your body is covered in eyes which may
                  | confuse attackers. (Acc +7, SInv) [Jiyva's grace]
  9040 | Gauntlet | Gained mutation: You are partially covered in iridescent
                  | scales. (AC +2) [Jiyva's grace]
  9040 | Gauntlet | Gained mutation: You are mostly covered in iridescent
                  | scales. (AC +4) [Jiyva's grace]
  9040 | Gauntlet | Gained mutation: You are completely covered in iridescent
                  | scales. (AC +6) [Jiyva's grace]
  9040 | Gauntlet | Gained mutation: Your rubbery body absorbs attacks. (AC +1,
                  | EV +1) [Jiyva's grace]
  9041 | Gauntlet | Noticed a dire elephant
  9043 | Gauntlet | Found a transporter.
  9044 | Gauntlet | Found a transporter.
  9044 | Gauntlet | Noticed a thrashing horror
  9048 | Gauntlet | Found a transporter.
  9048 | Gauntlet | Found a transporter.
  9050 | Gauntlet | Found a transporter.
  9070 | Gauntlet | Found a transporter.
  9075 | Gauntlet | Found a transporter.
  9075 | Gauntlet | Found a transporter.
  9084 | Gauntlet | Found a transporter.
  9084 | Gauntlet | Noticed a quicksilver ooze
  9085 | Gauntlet | Found a transporter.
  9163 | Gauntlet | Killed a dire elephant
  9185 | Gauntlet | Identified the ring of the Barnacle {Ice Drain rElec rN++
                  | rCorr}
  9195 | Gauntlet | Found a transporter.
  9270 | Gauntlet | Identified the amulet "Plog" {rElec Regen+}
  9285 | Gauntlet | Got Zerem's Volume of Intimidation
  9295 | Gauntlet | Noticed a minotaur
  9305 | Gauntlet | Killed a minotaur
  9321 | Gauntlet | Identified the +4 plate armour of the Illusory Stars {Fly
                  | Str+3}
  9325 | Gauntlet | Got the Catalogue of Alteration
  9329 | Gauntlet | Learned a level 2 spell: Passwall
  9645 | D:11     | Found a staircase to the Orcish Mines.
  9743 | D:11     | Noticed a two-headed ogre
  9760 | D:11     | Killed a two-headed ogre
  9904 | D:11     | Noticed a centaur warrior
  9908 | D:11     | Killed a centaur warrior
  9909 | D:11     | Reached skill level 14 in Fighting
  9912 | D:11     | Noticed a centaur warrior
  9916 | D:11     | Killed a centaur warrior
 10000 | D:11     | Noticed a centaur warrior
 10012 | D:11     | Killed a centaur warrior
 10054 | D:11     | Gained mutation: You can hop long distances. [Barachi
                  | growth]
 10054 | D:11     | Reached XP level 13. HP: 113/113 MP: 25/25
 10697 | Orc:1    | Entered Level 1 of the Orcish Mines
 10986 | Orc:1    | Reached skill level 10 in Hexes
 11299 | Orc:2    | Entered Level 2 of the Orcish Mines
 11314 | Orc:2    | Found a staircase to the Elven Halls.
 11497 | Orc:2    | Found Xenyss's General Store.
 11502 | Orc:2    | Noticed Jorgrun
 11517 | Orc:2    | Killed Jorgrun
 11713 | Orc:2    | Found Ysses's Armour Emporium.
 11735 | Orc:2    | Lost mutation: You are almost entirely resistant to further
                  | mutation and mutation removal. [Jiyva's grace]
 11735 | Orc:2    | Gained mutation: You are strong-willed. (Will+) [Jiyva's
                  | grace]
 11735 | Orc:2    | Gained mutation: You are highly strong-willed. (Will++)
                  | [Jiyva's grace]
 11735 | Orc:2    | Gained mutation: You are extremely strong-willed. (Will+++)
                  | [Jiyva's grace]
 11735 | Orc:2    | Gained mutation: Your spells are a little harder to cast,
                  | but a little more powerful. [Jiyva's grace]
 11750 | Orc:2    | Reached skill level 15 in Fighting
 11892 | Orc:2    | Found Rockumou's Armour Emporium.
 11901 | Orc:2    | Learned a level 3 spell: Call Canine Familiar
 11906 | Orc:2    | Learned a level 4 spell: Summon Lightning Spire
 12019 | Orc:2    | Reached skill level 1 in Summonings
 12084 | Orc:2    | Noticed an orc warlord
 12106 | Orc:2    | Killed an orc warlord
 12177 | Orc:2    | Noticed an orc warlord
 12198 | Orc:2    | Killed an orc warlord
 12253 | Orc:2    | Found Naejidy's Weapon Boutique.
 12307 | Orc:2    | Reached XP level 14. HP: 63/123 MP: 27/27
 12582 | Orc:2    | Found Xagomux's Antique Armour Shoppe.
 12662 | Orc:2    | Found Eplaca Niwn's Antique Weapon Emporium.
 12861 | Lair:1   | Entered Level 1 of the Lair of Beasts
 13040 | Lair:1   | Reached skill level 10 in Spellcasting
 13876 | Lair:2   | Found a staircase to the Shoals.
 13891 | Lair:2   | Reached skill level 1 in Long Blades
 13915 | Lair:2   | Found an iron altar of Okawaru.
 13995 | Lair:2   | Reached skill level 5 in Summonings
 14147 | Lair:2   | Lost mutation: You are extremely strong-willed. (Will+++)
                  | [Jiyva's grace]
 14147 | Lair:2   | Lost mutation: Your body has grown many eyes which may
                  | confuse attackers. (Acc +5) [Jiyva's grace]
 14147 | Lair:2   | Gained mutation: Your natural rate of healing is unusually
                  | fast. [Jiyva's grace]
 14147 | Lair:2   | Gained mutation: You heal very quickly. [Jiyva's grace]
 14147 | Lair:2   | Gained mutation: You regenerate. [Jiyva's grace]
 14147 | Lair:2   | Gained mutation: You possess an exceptional clarity of
                  | mind. [Jiyva's grace]
 14149 | Lair:2   | Found a hole to the Spider Nest.
 14588 | Lair:2   | Reached skill level 16 in Fighting
 14952 | Lair:3   | Noticed Kirke
 14997 | Lair:3   | Killed Kirke
 14998 | Lair:3   | Reached skill level 15 in Dodging
 15016 | Lair:3   | Noticed Nergalle
 15034 | Lair:3   | Killed Nergalle
 15079 | Lair:3   | Noticed Josephine
 15095 | Lair:3   | Killed Josephine
 15267 | Lair:3   | Noticed Gastronok
 15648 | Lair:3   | Killed Gastronok
 16000 | Lair:4   | Noticed Sonja
 16002 | Lair:4   | Slimified Sonja
 16002 | Lair:4   | Sonja changed into Sonja the endoplasm
 16002 | Lair:4   | Noticed Sonja
 16008 | Lair:4   | Noticed Urug
 16032 | Lair:4   | Killed Urug
 16293 | Lair:4   | Identified the +5 scale mail of the Moon {Harm Int+3}
 16294 | Lair:4   | Lost mutation: You are completely covered in iridescent
                  | scales. (AC +6) [Jiyva's grace]
 16294 | Lair:4   | Lost mutation: You are highly strong-willed. (Will++)
                  | [Jiyva's grace]
 16294 | Lair:4   | Lost mutation: You are strong-willed. (Will+) [Jiyva's
                  | grace]
 16294 | Lair:4   | Lost mutation: You regenerate. [Jiyva's grace]
 16294 | Lair:4   | Gained mutation: You passively dampen the noise of your
                  | surroundings. [Jiyva's grace]
 16294 | Lair:4   | Gained mutation: You expend magic power (3 MP) to
                  | strengthen your wands. [Jiyva's grace]
 16294 | Lair:4   | Gained mutation: You are robust. (+10% HP) [Jiyva's grace]
 16294 | Lair:4   | Gained mutation: You are very robust. (+20% HP) [Jiyva's
                  | grace]
 16619 | Lair:5   | Entered Level 5 of the Lair of Beasts
 16939 | Lair:5   | Reached skill level 5 in Long Blades
 16984 | Lair:5   | Reached XP level 15. HP: 156/158 MP: 30/30
 17039 | Lair:5   | Identified the +0 bardiche of Lassin {pain, Fragile +Blink
                  | rCorr}
 17462 | Lair:5   | Found a viscous altar of Jiyva.
 17462 | Lair:5   | Found a staircase to the Slime Pits.
 17476 | Slime:1  | Entered Level 1 of the Pits of Slime
 17476 | Slime:1  | Noticed an acid blob
 17481 | Slime:1  | Noticed a rockslime
 17520 | Slime:1  | Noticed a rockslime
 17537 | Slime:1  | Noticed an acid blob
 17702 | Slime:1  | Noticed an acid blob
 17750 | Slime:1  | Noticed an acid blob
 17850 | Slime:2  | Noticed an azure jelly
 17853 | Slime:2  | Noticed an azure jelly
 17855 | Slime:2  | Noticed a rockslime
 17866 | Slime:2  | Noticed an acid blob
 18073 | Slime:3  | Noticed a rockslime
 18102 | Slime:3  | Noticed an acid blob
 18118 | Slime:3  | Noticed an acid blob
 18207 | Slime:4  | Noticed an acid blob
 18226 | Slime:4  | Noticed an azure jelly
 18227 | Slime:4  | Noticed an acid blob
 18523 | Slime:4  | Noticed an acid blob
 18530 | Slime:3  | Noticed an acid blob
 18530 | Slime:3  | Noticed an acid blob
 18562 | Slime:3  | Noticed an azure jelly
 18588 | Slime:3  | Noticed an acid blob
 18692 | Slime:5  | Entered Level 5 of the Pits of Slime
 18692 | Slime:5  | Noticed an acid blob
 18731 | Slime:5  | Noticed an azure jelly
 18732 | Slime:5  | Noticed the Royal Jelly
 18736 | Slime:5  | Noticed an acid blob
 18744 | Slime:5  | Noticed an azure jelly
 18760 | Slime:5  | Noticed an acid blob
 18767 | Slime:5  | Noticed a rockslime
 18767 | Slime:5  | Noticed an acid blob
 18777 | Slime:5  | Noticed an acid blob
 18786 | Slime:5  | Noticed an acid blob
 18879 | Slime:5  | Found a viscous altar of Jiyva.
 18908 | Slime:5  | Noticed an acid blob
 18908 | Slime:5  | Noticed a rockslime
 19539 | Lair:5   | Reached skill level 17 in Fighting
 20066 | D:10     | Bought the +8 demon blade "Leech" {evervamp, Harm Drain
                  | rN+} for 1177 gold pieces
 20066 | D:10     | Found the +8 demon blade "Leech" {evervamp, Harm Drain rN+}
 20585 | D:12     | Reached ****** piety under Jiyva
 20757 | Slime:5  | Identified the +7 dagger of Tender Mercy {flame, rF+ Will+
                  | Int+5}
 20759 | Slime:5  | Got Vyokoi's Thorough Guide to Wizardry
 20765 | Slime:5  | Identified the ring "Tadear" {rF+ Will+ MP+9 Int-3}
 20775 | Slime:5  | Identified the staff of air "Kofoguenk" {rElec Str+3}
 20776 | Slime:5  | Identified the +11 short sword "Jamnivymn" {vamp, rPois
                  | Str+3 Int-4}
 20778 | Slime:5  | Identified the +0 robe "Cucoqou" {MP+9}
 20780 | Slime:5  | Identified the +1 ring mail of Mosaog Utwe {Dex+3}
 20791 | Slime:5  | Identified the ring of Recklessness {rElec rN+ Will+ Str+2
                  | Dex-5}
 20794 | Slime:5  | Got a slimy rune of Zot
 20803 | Slime:5  | Identified the +3 shortbow "Death Rattle" {freeze, rPois
                  | rN+ Int+4 Stlth+}
 20804 | Slime:5  | Identified the +1 leather armour of Plasticity {rElec
                  | Slay+3}
 21024 | D:12     | Identified the +3 leather armour of Uskayaw's Favour
                  | {*Corrode Str+2 Dex+2 Slay+2}
 21063 | D:12     | Lost mutation: You possess an exceptional clarity of mind.
                  | [Jiyva's grace]
 21063 | D:12     | Lost mutation: Your system is resistant to poisons. (rPois)
                  | [Jiyva's grace]
 21063 | D:12     | Lost mutation: You heal very quickly. [Jiyva's grace]
 21063 | D:12     | Lost mutation: Your body has grown eyes which may confuse
                  | attackers. (Acc +3) [Jiyva's grace]
 21063 | D:12     | Lost mutation: You expend magic power (3 MP) to strengthen
                  | your wands. [Jiyva's grace]
 21063 | D:12     | Lost mutation: You passively dampen the noise of your
                  | surroundings. [Jiyva's grace]
 21063 | D:12     | Gained mutation: You have a small jelly attached to you
                  | that senses nearby items. [Jiyva's grace]
 21063 | D:12     | Gained mutation: You passively map a small area around you.
                  | [Jiyva's grace]
 21063 | D:12     | Gained mutation: You passively map the area around you.
                  | [Jiyva's grace]
 21063 | D:12     | Gained mutation: You passively map a large area around you.
                  | [Jiyva's grace]
 21168 | D:12     | Noticed Frances
 21179 | D:12     | Killed Frances
 21775 | D:13     | Found a gate to the Vaults.
 21958 | D:13     | Found an ancient bone altar of Kikubaaqudgha.
 22406 | D:14     | Reached XP level 16. HP: 171/171 MP: 31/31
 22850 | D:15     | Entered Level 15 of the Dungeon
 22944 | D:15     | Reached skill level 18 in Fighting
 23017 | D:15     | Reached skill level 10 in Long Blades
 23130 | D:15     | Found a portal to a secret trove of treasure.
 23138 | D:15     | Identified the +7 lajatang "Fomof" {freeze, rCorr Str-3
                  | Int+2 Dex+2}
 23296 | D:15     | Found a staircase to the Depths.
 23328 | Depths:1 | Entered Level 1 of the Depths
 24022 | Shoals:1 | Entered Level 1 of the Shoals
 24237 | Shoals:2 | Noticed Ilsuiw
 24286 | Shoals:1 | Noticed Louise
 24312 | Shoals:1 | Killed Louise
 24326 | Shoals:1 | Found a frozen archway.
 24391 | IceCv    | Entered an ice cave
 24501 | IceCv    | Noticed a rockslime
 24508 | IceCv    | Lost mutation: You are mostly covered in iridescent scales.
                  | (AC +4) [Jiyva's grace]
 24508 | IceCv    | Lost mutation: You are somewhat resistant to both further
                  | mutation and mutation removal. [Jiyva's grace]
 24508 | IceCv    | Lost mutation: Your natural rate of healing is unusually
                  | fast. [Jiyva's grace]
 24508 | IceCv    | Lost mutation: You have a small jelly attached to you that
                  | senses nearby items. [Jiyva's grace]
 24508 | IceCv    | Gained mutation: Your spells are harder to cast, but more
                  | powerful. [Jiyva's grace]
 24508 | IceCv    | Gained mutation: Your spells are much harder to cast, but
                  | much more powerful. [Jiyva's grace]
 24508 | IceCv    | Gained mutation: You have supernaturally acute eyesight.
                  | (SInv) [Jiyva's grace]
 24508 | IceCv    | Gained mutation: You have sharp toenails. [Jiyva's grace]
 24509 | IceCv    | Found a viscous altar of Jiyva.
 24509 | IceCv    | Noticed an azure jelly
 24512 | IceCv    | Noticed an azure jelly
 24524 | IceCv    | Identified the ring "Sempurick" {Fire Contam rElec Will-
                  | Slay+5}
 24671 | Shoals:1 | Reached skill level 19 in Fighting
 24799 | Shoals:1 | Found a transporter.
 24805 | Shoals:1 | Noticed Xig Suan's ghost (adept DECj)
 24807 | Shoals:1 | Found a transporter.
 25291 | Shoals:1 | Reached XP level 17. HP: 97/173 MP: 32/32
 25292 | Shoals:1 | Killed Xig Suan's ghost
 25342 | Shoals:1 | Identified the +0 helmet of Limited Liability {rF+ Dex+2}
 25437 | Shoals:2 | Found Ogegek's Armour Shop.
 25606 | Shoals:2 | Killed Ilsuiw
 26261 | Shoals:3 | Noticed Donald
 26282 | Shoals:3 | Slimified Donald
 26282 | Shoals:3 | Donald changed into Donald the slime creature
 26282 | Shoals:3 | Noticed Donald
 26329 | Shoals:3 | Killed Donald the slime creature
 26779 | Shoals:3 | Found a runed translucent door.
 26850 | Shoals:3 | Noticed Polyphemus
 26894 | Shoals:3 | Killed Polyphemus
 26895 | Shoals:3 | Reached skill level 20 in Fighting
 27052 | Shoals:3 | Found a hide-covered altar of Uskayaw.
 27326 | Shoals:3 | Noticed Pygol's ghost (adept DDNe)
 27348 | Shoals:4 | Entered Level 4 of the Shoals
 27348 | Shoals:4 | Lost mutation: You have supernaturally acute eyesight.
                  | (SInv) [Jiyva's grace]
 27348 | Shoals:4 | Lost mutation: Your spells are much harder to cast, but
                  | much more powerful. [Jiyva's grace]
 27348 | Shoals:4 | Gained mutation: Your mind is acute. (Int +4, Str/Dex -1)
                  | [Jiyva's grace]
 27348 | Shoals:4 | Gained mutation: Your mind is very acute. (Int +8, Str/Dex
                  | -2) [Jiyva's grace]
 27348 | Shoals:4 | Gained mutation: You have a pair of small antennae on your
                  | head. [Jiyva's grace]
 27348 | Shoals:4 | Gained mutation: You have a pair of antennae on your head.
                  | [Jiyva's grace]
 27399 | Shoals:4 | HP: 2/186 [alligator snapping turtle (37)]
 28203 | Shoals:4 | Identified the staff of death "Yckuquoq" {rElec rF- rN+
                  | Int+5 Dex+2}
 28246 | Shoals:4 | Reached XP level 18. HP: 118/195 MP: 33/33
 28400 | Shoals:4 | Got a barnacled rune of Zot
 28473 | Shoals:4 | Found Heasish's Jewellery Boutique.
 28486 | Shoals:4 | Identified the +0 shadow dragon scales of Understanding
                  | {Rampage Str-3 Dex+2 Stlth++++}
 28888 | Shoals:4 | Upgraded the game from 0.30-a0-1035-g38d5fb2972 to
                  | 0.30-a0-1043-g60ff8d5f49
 28995 | Spider:1 | Entered Level 1 of the Spider Nest
 29776 | Spider:1 | HP: 1/196 [culicivora (19)]
 30502 | Orc:2    | Bought a +0 leather armour of fire resistance for 108 gold
                  | pieces
 30697 | Spider:1 | Reached skill level 10 in Summonings
 30701 | Spider:1 | Paralysed by a jorogumo for 3 turns
 30708 | Spider:1 | HP: 9/196 [jumping spider[a jorogumo] (18)]
 30884 | Spider:1 | Paralysed by a jorogumo for 3 turns
 30895 | Lair:2   | Paralysed by a jorogumo for 2 turns
 31500 | Orc:2    | Bought the +1 pair of gloves "Heve" {rPois rN+} for 298
                  | gold pieces
 31833 | Spider:2 | Noticed Arachne
 31859 | Spider:2 | Slimified Arachne
 31859 | Spider:2 | Arachne changed into Arachne the azure jelly
 31859 | Spider:2 | Noticed Arachne
 32074 | Spider:2 | Noticed Aizul
 32093 | Spider:2 | Killed Aizul
 32182 | Spider:2 | Lost mutation: You have sharp toenails. [Jiyva's grace]
 32182 | Spider:2 | Lost mutation: Your mind is very acute. (Int +8, Str/Dex
                  | -2) [Jiyva's grace]
 32182 | Spider:2 | Lost mutation: You are somewhat resistant to further
                  | mutation. [Jiyva's grace]
 32182 | Spider:2 | Lost mutation: You passively map a large area around you.
                  | [Jiyva's grace]
 32182 | Spider:2 | Lost mutation: You are very robust. (+20% HP) [Jiyva's
                  | grace]
 32182 | Spider:2 | Lost mutation: Your rubbery body absorbs attacks. (AC +1,
                  | EV +1) [Jiyva's grace]
 32182 | Spider:2 | Gained mutation: You are very robust. (+20% HP) [Jiyva's
                  | grace]
 32182 | Spider:2 | Gained mutation: You are extremely robust. (+30% HP)
                  | [Jiyva's grace]
 32182 | Spider:2 | Gained mutation: Your mind is very acute. (Int +8, Str/Dex
                  | -2) [Jiyva's grace]
 32182 | Spider:2 | Gained mutation: You are strong-willed. (Will+) [Jiyva's
                  | grace]
 32205 | Spider:2 | Reached skill level 21 in Fighting
 32701 | Spider:2 | Reached skill level 15 in Long Blades
 33804 | Spider:4 | Entered Level 4 of the Spider Nest
 33923 | Spider:3 | Reached XP level 19. HP: 157/222 MP: 35/35
 34110 | Spider:3 | Paralysed by a jorogumo for 1 turns
 35279 | Spider:4 | HP: 11/226 [poisoned by a wolf spider]
 35895 | Spider:4 | Got a gossamer rune of Zot
 36263 | Vaults:1 | Entered Level 1 of the Vaults
 36340 | D:13     | Reached skill level 22 in Fighting
 36696 | Vaults:1 | Identified the +1 war axe of the Lumpy Nightingales
                  | {antimagic, *Corrode rF+++ Str+4}
 37457 | Vaults:1 | Gained mutation: You have a pair of large antennae on your
                  | head. (SInv) [Jiyva's grace]
 37457 | Vaults:1 | Gained mutation: You have sharp fingernails. [Jiyva's
                  | grace]
 37457 | Vaults:1 | Gained mutation: You have very sharp fingernails. [Jiyva's
                  | grace]
 37457 | Vaults:1 | Gained mutation: You have claws for hands. [Jiyva's grace]
 37787 | Vaults:1 | Reached XP level 20. HP: 202/239 MP: 36/36
 38176 | Vaults:2 | Identified the +0 scale mail of Forking Paths {Dex+5}
 38980 | Vaults:2 | Found the +8 longbow "Zephyr" {speed, Dex+3 SInv}
 39014 | Vaults:2 | Lost mutation: You have a pair of large antennae on your
                  | head. (SInv) [Jiyva's grace]
 39014 | Vaults:2 | Lost mutation: You have claws for hands. [Jiyva's grace]
 39014 | Vaults:2 | Lost mutation: Your mind is very acute. (Int +8, Str/Dex
                  | -2) [Jiyva's grace]
 39014 | Vaults:2 | Lost mutation: You are strong-willed. (Will+) [Jiyva's
                  | grace]
 39014 | Vaults:2 | Lost mutation: You are extremely robust. (+30% HP) [Jiyva's
                  | grace]
 39014 | Vaults:2 | Lost mutation: Your spells are harder to cast, but more
                  | powerful. [Jiyva's grace]
 39014 | Vaults:2 | Gained mutation: You are partially covered in large bone
                  | plates. (SH +4) [Jiyva's grace]
 39014 | Vaults:2 | Gained mutation: You are mostly covered in large bone
                  | plates. (SH +6) [Jiyva's grace]
 39014 | Vaults:2 | Gained mutation: You are completely covered in large bone
                  | plates. (SH +8) [Jiyva's grace]
 39014 | Vaults:2 | Gained mutation: You are resistant to electric shocks.
                  | (rElec) [Jiyva's grace]
 39133 | Vaults:2 | Found a staircase to the Crypt.
 39133 | Vaults:2 | Found a basalt altar of Yredelemnul.
 39134 | Vaults:2 | Found an ancient bone altar of Kikubaaqudgha.
 39140 | Crypt:1  | Entered Level 1 of the Crypt
 39665 | Vaults:3 | Reached skill level 23 in Fighting
 41645 | Vaults:4 | Lost mutation: You are partially covered in iridescent
                  | scales. (AC +2) [Jiyva's grace]
 41645 | Vaults:4 | Lost mutation: You are completely covered in large bone
                  | plates. (SH +8) [Jiyva's grace]
 41645 | Vaults:4 | Lost mutation: You are very robust. (+20% HP) [Jiyva's
                  | grace]
 41645 | Vaults:4 | Lost mutation: You are robust. (+10% HP) [Jiyva's grace]
 41645 | Vaults:4 | Lost mutation: Your spells are a little harder to cast, but
                  | a little more powerful. [Jiyva's grace]
 41645 | Vaults:4 | Lost mutation: Your melee attacks may engulf your foes in
                  | ooze. [Jiyva's grace]
 41645 | Vaults:4 | Gained mutation: You passively map a large area around you.
                  | [Jiyva's grace]
 41645 | Vaults:4 | Gained mutation: You possess an exceptional clarity of
                  | mind. [Jiyva's grace]
 41645 | Vaults:4 | Gained mutation: Your muscles are strong. (Str +4, Int/Dex
                  | -1) [Jiyva's grace]
 41645 | Vaults:4 | Gained mutation: Your muscles are very strong. (Str +8,
                  | Int/Dex -2) [Jiyva's grace]
 41672 | Vaults:4 | Identified the +5 falchion "Jedunim" {flame, Contam rF-
                  | rN++ SInv}
 41693 | Vaults:4 | Reached XP level 21. HP: 174/194 MP: 37/37
 42299 | Vaults:1 | Paralysed by an orc sorcerer for 5 turns
 42626 | D:8      | Bought a Fen Folio for 420 gold pieces
 42632 | D:8      | Learned a level 5 spell: Summon Forest
 42776 | Elf:1    | Entered Level 1 of the Elven Halls
 43006 | Elf:1    | Reached skill level 1 in Translocations
 43260 | Elf:1    | Reached skill level 24 in Fighting
 43456 | Elf:1    | Identified the +3 robe of the World {Str+8}
 43512 | Elf:1    | Found Ratit's Magic Scroll Shoppe.
 44038 | Elf:2    | Noticed Roxanne
 44217 | Elf:2    | Paralysed by an air elemental for 1 turns
 44232 | Elf:2    | Lost mutation: You have a pair of antennae on your head.
                  | [Jiyva's grace]
 44232 | Elf:2    | Lost mutation: You have very sharp fingernails. [Jiyva's
                  | grace]
 44232 | Elf:2    | Lost mutation: You passively map a large area around you.
                  | [Jiyva's grace]
 44232 | Elf:2    | Lost mutation: Your muscles are very strong. (Str +8,
                  | Int/Dex -2) [Jiyva's grace]
 44232 | Elf:2    | Gained mutation: Your rubbery body absorbs attacks. (AC +1,
                  | EV +1) [Jiyva's grace]
 44232 | Elf:2    | Gained mutation: Your pliable body absorbs attacks. (AC +2,
                  | EV +2) [Jiyva's grace]
 44232 | Elf:2    | Gained mutation: Your gelatinous body deflects attacks. (AC
                  | +3, EV +3) [Jiyva's grace]
 44232 | Elf:2    | Gained mutation: You have supernaturally acute eyesight.
                  | (SInv) [Jiyva's grace]
 44934 | Elf:2    | Killed Roxanne
 44960 | Elf:2    | Reached skill level 5 in Translocations
 45014 | Elf:2    | Found a runed translucent gate.
 45015 | Elf:2    | Found a runed translucent gate.
 45015 | Elf:2    | Found a runed translucent gate.
 45049 | Elf:2    | Mangled by a +4 glaive of protection

Illustrated notes

Levels and vault maps discovered:
D:1:      eino_arrival_water_cross, layout_basic, basic_ecumenical_altar
D:2:      layout_loops_cross, basic_altar, chequers_serial_rivers_micro_a,
          minivault_23, uniq_natasha
D:3:      corexii_shack_village, layout_loops_ring,
          mainiacjoe_overflow_surrounded_room
D:4:      layout_basic, grunt_temple_overflow_open
D:5:      layout_layer_cave, serial_shops, kennysheep_mini_moat, uniq_pikel
D:6:      layout_loops_ring, minmay_temple_entry_offerings, uniq_grinder
D:7:      layout_rooms, minitemple, enter_bailey_2
D:8:      layout_loops_cross, enter_ossuary_5, serial_shops, shop
D:9:      layout_cave_pods, hangedman_feature_mirror, uniq_amaemon, uniq_harold
D:10:     layout_cross, serial_gnoll_camp, gnoll_camp_medium_02,
          gnoll_camp_mini_house, gnoll_camp_mini_basic, gnoll_camp_mini_shop
D:11:     hangedman_cross_veins, layout_basic, lair_entry_dummy, david_orc_2,
          gauntlet_entry_generic, minivault_16
D:12:     layout_roguey, uniq_frances
D:13:     layout_basic, grunt_vaults_entry_fortified, kennysheep_vampire_church
D:14:     layout_basic, minmay_unpleasant_kobolds
D:15:     gammafunk_enter_depths_forms, layout_long_grid,
          nicolae_trove_entry_free_sample, roderic_malta_cross,
          minmay_misc_feat_encased
Temple:   nicolae_temple_ecumenical_triangle
Lair:1:   beast_lair_carwin_large_1, layout_gridlike,
          chequers_serial_rivers_small_3
Lair:2:   layout_roguey, elwin_shoals_entry_stream,
          nicolae_spider_entry_tight_spaces, basic_altar, grunt_megastairs_4
Lair:3:   layout_chaotic_city, uniq_nergalle, uniq_josephine, uniq_kirke,
          uniq_gastronok
Lair:4:   layout_hall_layers, uniq_urug, uniq_sonja
Lair:5:   minmay_lair_end_enchanted_forest, layout_concentric_octagons,
          slime_entry_1
Shoals:1: layout_shoals, portal_ice_cave_entry_ugly_swarm,
          gammafunk_ghost_berserking_beasts, uniq_louise
Shoals:2: layout_shoals, serial_shops, shop, uniq_ilsuiw
Shoals:3: layout_shoals, ebering_ghost_reflecting_pool, lemuel_centaur_altar,
          uniq_donald, uniq_polyphemus
Shoals:4: shoals_end_simple, layout_shoals, serial_shops, shop
Spider:1: layout_spider_delve
Spider:2: layout_cave_pods, hellmonk_spider_spawner, uniq_aizul, uniq_arachne
Spider:3: layout_spider_delve
Spider:4: guppyfry_spider_rune
Slime:1:  layout_caves
Slime:2:  layout_caves
Slime:3:  layout_caves
Slime:4:  layout_caves
Slime:5
Orc:1:    layout_diamond_mine, basic_altar, mines5_lemuel
Orc:2:    grunt_orc_community_town_hall, layout_caves,
          grunt_orc_community_big_house_2, grunt_orc_community_big_house_2,
          grunt_orc_community_house_3, grunt_orc_community_house_2,
          grunt_orc_community_house_2, grunt_orc_community_house_1,
          serial_shops, shop_statue, shop, elves_outpost_lemuel, uniq_jorgrun
Elf:1:    layout_geoelf_octagon, serial_shops, nicolae_square_shop,
          hangedman_elven_crosses_minicolossus
Elf:2:    nicolae_elf_blades_crystal_corner, layout_geoelf_diagonals,
          uniq_roxanne
Vaults:1: v_misc_9, v_misc_30, ontoclasm_vaults_ring_square, v_alt_pattern_1,
          ontoclasm_vaults_misaligned, vaults_room_ringed_pool, v_misc_3,
          hangedman_vaults_cutoff, v_misc_28, st_quartered_hall, serial_ice_g,
          vaults_dpeg_diagonal, ontoclasm_vaults_eye, layout_vaults_ring,
          uniq_saint_roka
Vaults:2: vaults_dpeg_doors, nicolae_vaults_little_squares_1,
          ontoclasm_vaults_ring_small, grunt_vaults_focal,
          nicolae_vaults_mini_display_case, vaults_mumra_hexcomb,
          ontoclasm_vaults_ring_large, nicolae_vaults_network_quinsquares
          [nicolae_vaults_network_quincunx_subvault,
          nicolae_vaults_network_quincunx_subvault,
          nicolae_vaults_network_quincunx_subvault,
          nicolae_vaults_network_quincunx_subvault], serial_ice_m,
          nicolae_vaults_alarming, minmay_crypt_entry_necro_gods,
          layout_vaults_chaotic_city
Vaults:3: grunt_vaults_hallway_short, grunt_vaults_diagonal,
          nicolae_vaults_little_squares_3, nicolae_vaults_little_ls, v_misc_26,
          v_alt_pattern_4, ontoclasm_vaults_twist,
          nicolae_vaults_diagonal_hallway_9, nicolae_vaults_rhombus_5,
          ontoclasm_vaults_shuriken, ontoclasm_vaults_chip,
          layout_vaults_omnibox
Vaults:4: vaults_dpeg_spiral, hangedman_vaults_nodes, v_misc_13,
          hangedman_vaults_unwind, v_pattern_1, vaults_room_fours,
          ontoclasm_vaults_loading_screen, layout_vaults_omnigrid
Crypt:1:  layout_rooms, lemuel_statue_altar, grunt_ministairs_9
Depths:1: cheibrodos_cascadia, layout_basic, hell_entry, hangedman_glass_garden,
          kennysheep_small_spiral, serial_bayou_pond_e, minmay_librarian,
          minmay_shop_star

Skill      XL: |  1  2  3  4  5  6  7  8  9 10 11 12 13 14 15 16 17 18 19 20 21 |
---------------+----------------------------------------------------------------+-----
Fighting       | 2 3 4 5 6 7 9 12 13 14 15 16 17 19 20 21 22 23 24 | 24.3
Dodging        | 3 4 5 7 8 11 12 13 14 15 16 17 19 21 22 | 22.7
Ranged Weapons | 3 5 6 |  6.7
Spellcasting   | 4 5 6 8 9 11 12 | 12.5
Hexes          | 5 6 7 9 10 | 10.4
Summonings     | 3 7 8 10 | 10.2
Long Blades    | 5 8 11 13 15 17 18 19 | 19.3
Translocations | 5 |  5.1

Action                     |  1- 3 |  4- 6 |  7- 9 | 10-12 | 13-15 | 16-18 | 19-21 || total
---------------------------+-------+-------+-------+-------+-------+-------+-------++-------
  Melee: Dagger            |    10 |       |       |       |       |       |       ||    10
         Short sword       |     9 |   112 |   328 |   528 |  2151 |       |       ||  3128
         Pseudopods        |       |    11 |    90 |    41 |       |       |       ||   142
         Punch             |       |     1 |     9 |    10 |    55 |    30 |    52 ||   157
         Bite              |       |       |    59 |    27 |       |       |       ||    86
         Demon blade       |       |       |       |       |   232 |  1600 |  1585 ||  3417
         Kick              |       |       |       |       |       |   509 |       ||   509
   Fire: Sling             |    58 |    18 |    11 |     3 |     3 |       |       ||    93
   Cast: Slow              |     2 |     1 |     4 |     5 |     3 |       |       ||    15
         Call Canine Famil |       |       |       |       |     2 |     1 |       ||     3
         Summon Lightning  |       |       |       |       |     1 |     3 |     1 ||     5
 Invoke: Oozemancy         |       |     1 |     2 |     5 |     6 |     6 |    12 ||    32
         Slimify           |       |       |     2 |     2 |     4 |     2 |       ||    10
Ability: Hop               |     1 |     1 |     1 |     4 |    12 |    15 |    17 ||    51
  Evoke: Wand              |       |       |       |       |       |     1 |       ||     1
    Use: Scroll            |       |     5 |     4 |     4 |     8 |    12 |     9 ||    42
         Potion            |       |       |       |     1 |       |    18 |     5 ||    24
   Stab: Sleeping          |       |     1 |       |     1 |     2 |       |       ||     4
         Confused          |       |       |    18 |    31 |    53 |       |       ||   102
         Distracted        |       |       |       |       |     2 |       |     1 ||     3
 Armour: Robe              |     8 |    33 |    27 |    45 |   423 |   282 |    90 ||   908
         Plate armour      |       |       |       |       |       |       |   386 ||   386
  Dodge: Dodged            |    22 |    87 |   225 |   503 |  2772 |  2446 |  1222 ||  7277
         Repelled          |       |       |       |       |       |       |     7 ||     7
  Block: Other             |       |       |    47 |    78 |       |       |   194 ||   319

Table legend: (Time is in decaauts)
 A = Elapsed time spent in this place.
 B = Non-inter-level travel time spent in this place.
 C = Inter-level travel time spent in this place.
 D = Time resting spent in this place.
 E = Time spent auto-exploring this place.
 F = Levels seen in this place.
 G = Mean time per level.
                   A        B        C        D        E       F      G
               +--------+--------+--------+--------+--------+-----+--------+
         Total |  50207 |  45224 |   4983 |   3693 |  25024 |  48 | 1046.0 |
       Dungeon |  16254 |  14416 |   1838 |    155 |  10468 |  15 | 1083.6 |
        Temple |     47 |     47 |      0 |      0 |     34 |   1 |   47.0 |
          Lair |   8126 |   6805 |   1321 |    950 |   3157 |   5 | 1625.2 |
        Shoals |   4890 |   4702 |    188 |    496 |   2321 |   4 | 1222.5 |
   Spider Nest |   5541 |   5272 |    269 |   1431 |   1183 |   4 | 1385.2 |
    Slime Pits |   2271 |   1799 |    472 |    100 |   1464 |   5 |  454.2 |
  Orcish Mines |   2660 |   2223 |    437 |    118 |    857 |   2 | 1330.0 |
   Elven Halls |   2478 |   2390 |     88 |     92 |   1417 |   2 | 1239.0 |
        Vaults |   6510 |   6144 |    366 |    286 |   3780 |   4 | 1627.5 |
         Crypt |      1 |      1 |      0 |      0 |      0 |   1 |    1.0 |
        Depths |      1 |      1 |      0 |      0 |      0 |   1 |    1.0 |
       Ossuary |    354 |    354 |      0 |      0 |     52 |   1 |  354.0 |
        Bailey |    400 |    400 |      0 |      3 |     37 |   1 |  400.0 |
      Ice Cave |    317 |    317 |      0 |      4 |    229 |   1 |  317.0 |
      Gauntlet |    349 |    349 |      0 |     57 |     20 |   1 |  349.0 |
               +--------+--------+--------+--------+--------+-----+--------+

Top non-repeatable levels by time:
  Lair:2: 2726 daAuts
    D:11: 2304 daAuts
Spider:2: 1957 daAuts
Vaults:1: 1750 daAuts
   Orc:2: 1746 daAuts
Vaults:2: 1744 daAuts
  Lair:5: 1691 daAuts
Spider:3: 1638 daAuts
Vaults:3: 1601 daAuts
Shoals:3: 1503 daAuts
     D:9: 1445 daAuts
  Lair:1: 1421 daAuts
Vaults:4: 1414 daAuts
   Elf:1: 1400 daAuts
     D:5: 1386 daAuts
